St.Louis Blues vs Calgary Flames

Created - Friday, June 27, 2025 at 07:36

Goals
1 2 3 T
St.Louis Blues 0 1 0 1
Calgary Flames 1 2 1 4
Shots
1 2 3 T
St.Louis Blues 9 16 12 37
Calgary Flames 15 17 14 46

1st period

1. Calgary Flames , Zach Hyman 7 (Sebastian Aho 9, Bo Horvat 7) at 8:40

Penalties :
No Penalty

2nd period

2. St.Louis Blues , Jake Sanderson 1 (Elias Lindholm 15) at 7:29
3. Calgary Flames , Oliver Bjorkstrand 5 (Bo Horvat 8, Pavel Zacha 5) at 17:21
4. Calgary Flames , Sebastian Aho 6 (Zach Hyman 6) at 18:31

Penalties :
Jake Middleton (CGY) for Delaying the game (Minor) at 9:35, Mathieu Joseph (CGY) for Tripping (Minor) at 12:20

3rd period

5. Calgary Flames , Zach Hyman 8 (Joel Eriksson Ek 6, Chris Kreider 11) at 17:30

Penalties :
Jeremy Lauzon (CGY) for Fighting (Major) at 9:11, Colton Parayko (STL) for Fighting (Major) at 9:11

Goalie Stats

Connor Hellebuyck (STL), 42 saves from 46 shots - (0.913), L, 14-5-2, 60:00 minutes
Ilya Sorokin (CGY), 36 saves from 37 shots - (0.973), W, 13-6-1, 60:00 minutes

Players Stats for St.Louis Blues

Player Name              G  A  P  +/- PIM S  H  SB GA TA FO     MP     PP MP  PK MP  
------------------------------------------------------------------------------------
Alex Pietrangelo         0  0  0   0  0   1  0  2  0  0  0/0    24:22   1:17   0:00 
Alex Tuch                0  0  0   0  0   1  1  0  0  0  0/0    12:41   1:31   0:00 
Brandon Hagel            0  0  0  -2  0   4  0  0  0  0  1/1    19:51   1:31   0:00 
Brayden Point            0  0  0   0  0   3  0  0  1  0  2/2    21:07   2:27   0:00 
Colton Parayko           0  0  0   0  5   1  0  2  0  2  0/0    20:27   0:00   0:00 
Dakota Joshua            0  0  0  -1  0   1  1  0  0  0  0/0     7:55   0:00   0:00 
Elias Lindholm           0  1  1   0  0   2  0  1  0  1  5/7    11:07   0:00   0:00 
Elias Pettersson         0  0  0   0  0   2  1  1  0  0  1/1    20:12   1:31   0:00 
Jaccob Slavin            0  0  0   0  0   1  1  2  0  0  0/0    17:40   0:00   0:00 
Jack Eichel              0  0  0   0  0   2  1  0  0  1  12/24  21:39   2:41   0:00 
Jake Guentzel            0  0  0  -2  0   7  0  0  0  0  1/1    20:46   2:27   0:00 
Jake Sanderson           1  0  1   0  0   1  2  0  0  0  0/0    19:18   0:00   0:00 
Lars Eller               0  0  0  -1  0   2  0  0  0  0  1/1     7:55   0:00   0:00 
Logan O'Connor           0  0  0  -1  0   1  1  1  1  0  0/0     7:55   0:00   0:00 
Mark Stone               0  0  0   0  0   2  0  0  0  0  0/1    12:24   1:17   0:00 
Mikhail Sergachev        0  0  0  -3  0   3  1  0  0  0  0/0    18:57   2:41   0:00 
Nick Leddy               0  0  0  -3  0   0  1  0  0  0  0/0    14:57   0:00   0:00 
Robert Thomas            0  0  0  -2  0   3  3  0  0  0  15/30  20:46   2:27   0:00 

Players Stats for Calgary Flames

Player Name              G  A  P  +/- PIM S  H  SB GA TA FO     MP     PP MP  PK MP  
------------------------------------------------------------------------------------
Bo Horvat                0  2  2   1  0   3  2  0  1  0  4/12   14:17   0:00   0:00 
Cale Makar               0  0  0   1  0   7  0  2  0  0  0/0    21:47   0:00   1:55 
Chris Kreider            0  1  1   0  0   2  1  1  0  0  0/2    19:00   0:00   2:10 
Drew Doughty             0  0  0   1  0   1  2  1  0  1  0/0    21:33   0:00   1:55 
Filip Hronek             0  0  0   0  0   1  2  0  0  1  0/0    18:22   0:00   0:00 
J.T. Miller              0  0  0   0  0   4  2  1  0  0  7/19   19:00   0:00   2:10 
Jake Middleton           0  0  0   0  2   1  2  1  0  0  0/0    17:03   0:00   0:00 
Jeremy Lauzon            0  0  0   2  5   1  0  0  0  0  0/0    19:50   0:00   2:03 
Joel Eriksson Ek         0  1  1   2  0   5  1  1  1  0  0/1    18:21   0:00   1:48 
Kris Letang              0  0  0   2  0   1  2  2  0  0  0/0    21:40   0:00   2:03 
Mathieu Joseph           0  0  0   0  2   0  0  1  2  0  1/1     8:25   0:00   0:00 
Matthew Tkachuk          0  0  0   0  0   2  5  0  0  0  1/2    16:50   0:00   0:00 
Nic Dowd                 0  0  0   0  0   0  3  0  0  0  0/0     8:22   0:00   0:00 
Nicholas Paul            0  0  0   0  0   2  1  0  0  0  3/3     8:22   0:00   0:00 
Oliver Bjorkstrand       1  0  1   1  0   3  0  0  0  0  1/1    14:17   0:00   0:00 
Pavel Zacha              0  1  1   1  0   1  0  0  0  0  1/1    14:17   0:00   0:00 
Sebastian Aho            1  1  2   2  0   7  1  0  0  0  11/25  18:21   0:00   1:48 
Zach Hyman               2  1  3   2  0   5  2  2  0  0  1/1    16:12   0:00   0:00 

3 Stars

1 - Zach Hyman (CGY)
2 - Ilya Sorokin (CGY)
3 - Sebastian Aho (CGY)

Power Play

St.Louis Blues - 0 on 2 Attempt(s) - 0.00%
Calgary Flames - 0 on 0 Attempt(s) - 0.00%

Penalty Kill

St.Louis Blues - 0 on 0 Attempt(s) - 0.00% - Score 0 goal in Penalty Kill
Calgary Flames - 2 on 2 Attempt(s) - 100.00% - Score 0 goal in Penalty Kill

Team Stat

St.Louis Blues - Hits : 13 - Faceoff Wins : 38 - Blocked Shots : 9 - Penalty Minutes : 5
Calgary Flames - Hits : 26 - Faceoff Wins : 30 - Blocked Shots : 12 - Penalty Minutes : 9

Official

Referees : Mitch Dunning and Reid Anderson
Linesman : Libor Suchanek and James Tobias

Game Notes

6:30 of 1st period - St.Louis Blues goal is going for a video replay. After video review, No Goal. The puck has entered the net after making contact with an attacking player’s stick that is above the height of the crossbar.
Jeremy Lauzon and Colton Parayko fight to a draw at 9:11 of 3rd period

Finance

Level 1 -- Attendance: 6000 (100.00%) -- Ticket Income $600,000
Level 2 -- Attendance: 5000 (100.00%) -- Ticket Income $300,000
Level 3 -- Attendance: 3000 (100.00%) -- Ticket Income $105,000
Level 4 -- Attendance: 5000 (100.00%) -- Ticket Income $125,000
Luxury Box -- Attendance: 1000 (100.00%) -- Ticket Income $200,000
Game was played at the Scotiabank Saddledome.
Total Attendance: 20000 (100.00%)
Total Ticket Income: $1,330,000
Other Income: $465,500
Total Income: $1,795,500

St.Louis Blues

5 vs 5 Forward 
   Center                   Left Wing                Right Wing               Time % Phy DF OF 
 1 Jack Eichel              Elias Pettersson         Brayden Point            36     0   2  3  
 2 Robert Thomas            Brandon Hagel            Jake Guentzel            35     0   2  3  
 3 Elias Lindholm           Alex Tuch                Mark Stone               22     0   3  2  
 4 Lars Eller               Dakota Joshua            Logan O'Connor           7      1   2  2  

5 vs 5 Defense 
   Defense                  Defense                                           Time % Phy DF OF 
 1 Colton Parayko           Alex Pietrangelo                                  45     1   2  2  
 2 Jake Sanderson           Jaccob Slavin                                     35     1   2  2  
 3 Mikhail Sergachev        Nick Leddy                                        20     1   2  2  
 4 Colton Parayko           Alex Pietrangelo                                  0      1   2  2  

PowerPlay Forward 
   Center                   Left Wing                Right Wing               Time % Phy DF OF 
 1 Robert Thomas            Jake Guentzel            Brayden Point            60     1   0  4  
 2 Elias Pettersson         Brandon Hagel            Alex Tuch                40     1   0  4  

PowerPlay Defense
   Defense                  Defense                                           Time % Phy DF OF 
 1 Jack Eichel              Mikhail Sergachev                                 60     0   1  4  
 2 Mark Stone               Alex Pietrangelo                                  40     0   1  4  

Penalty Kill 4 Players Forward 
   Center                   Wing                     Time % Phy DF OF 
 1 Lars Eller               Logan O'Connor           50     1   4  0  
 2 Elias Lindholm           Alex Tuch                50     1   4  0  

Penalty Kill 4 Players Defense
   Defense                  Defense                  Time % Phy DF OF 
 1 Jake Sanderson           Colton Parayko           50     1   4  0  
 2 Jaccob Slavin            Alex Pietrangelo         50     1   4  0  

Penalty Kill - 3 Players Forward 
   Forward                                           Time % Phy DF OF 
 1 Elias Lindholm                                    50     0   5  0  
 2 Lars Eller                                        50     0   5  0  

Penalty Kill - 3 Players Defense
   Defense                  Defense                  Time % Phy DF OF 
 1 Jake Sanderson           Colton Parayko           50     0   5  0  
 2 Nick Leddy               Alex Pietrangelo         50     0   5  0  

4 vs 4 Forward 
   Center                   Wing                     Time % Phy DF OF 
 1 Robert Thomas            Jake Guentzel            50     0   2  3  
 2 Jack Eichel              Brayden Point            50     0   2  3  

4 vs 4 Defense
   Defense                  Defense                  Time % Phy DF OF 
 1 Jake Sanderson           Alex Pietrangelo         50     0   3  2  
 2 Colton Parayko           Mikhail Sergachev        50     0   3  2  

Last Minutes Offensive
   Center                   Left Wing                Right Wing               Defense                  Defense                  
   Robert Thomas            Jake Guentzel            Brayden Point            Jack Eichel              Mikhail Sergachev        

Last Minutes Defensive
   Center                   Left Wing                Right Wing               Defense                  Defense                  
   Elias Lindholm           Logan O'Connor           Robert Thomas            Alex Pietrangelo         Colton Parayko           

Goaltenders
Starting : Connor Hellebuyck        
Backup : Scott Wedgewood          

Extra Forwards
Normal : Brayden Point, Brandon Hagel, Mark Stone - PP : Elias Pettersson, Dakota Joshua - PK : Robert Thomas
Extra Defensemen
Normal : Jake Sanderson, Mikhail Sergachev, Colton Parayko - PP : Alex Pietrangelo - PK : Jaccob Slavin, Nick Leddy
Penalty Shots
Elias Pettersson, Jack Eichel, Brayden Point, Jake Guentzel, Robert Thomas

Scratches
Jack Roslovic (Healthy), Adam Pelech (Healthy)

Calgary Flames

5 vs 5 Forward 
   Center                   Left Wing                Right Wing               Time % Phy DF OF 
 1 J.T. Miller              Chris Kreider            Matthew Tkachuk          30     0   3  2  
 2 Sebastian Aho            Joel Eriksson Ek         Zach Hyman               30     0   3  2  
 3 Bo Horvat                Pavel Zacha              Oliver Bjorkstrand       25     0   2  3  
 4 Nicholas Paul            Nic Dowd                 Mathieu Joseph           15     1   2  2  

5 vs 5 Defense 
   Defense                  Defense                                           Time % Phy DF OF 
 1 Drew Doughty             Cale Makar                                        35     0   2  3  
 2 Kris Letang              Jeremy Lauzon                                     35     0   2  3  
 3 Filip Hronek             Jake Middleton                                    30     1   2  2  
 4 Drew Doughty             Cale Makar                                        0      1   2  2  

PowerPlay Forward 
   Center                   Left Wing                Right Wing               Time % Phy DF OF 
 1 J.T. Miller              Chris Kreider            Matthew Tkachuk          50     1   2  2  
 2 Sebastian Aho            Pavel Zacha              Zach Hyman               50     1   2  2  

PowerPlay Defense
   Defense                  Defense                                           Time % Phy DF OF 
 1 Drew Doughty             Cale Makar                                        50     1   2  2  
 2 Kris Letang              Jeremy Lauzon                                     50     1   2  2  

Penalty Kill 4 Players Forward 
   Center                   Wing                     Time % Phy DF OF 
 1 J.T. Miller              Chris Kreider            50     1   2  2  
 2 Sebastian Aho            Joel Eriksson Ek         50     1   2  2  

Penalty Kill 4 Players Defense
   Defense                  Defense                  Time % Phy DF OF 
 1 Drew Doughty             Cale Makar               50     1   2  2  
 2 Kris Letang              Jeremy Lauzon            50     1   2  2  

Penalty Kill - 3 Players Forward 
   Forward                                           Time % Phy DF OF 
 1 J.T. Miller                                       50     1   2  2  
 2 Chris Kreider                                     50     1   2  2  

Penalty Kill - 3 Players Defense
   Defense                  Defense                  Time % Phy DF OF 
 1 Drew Doughty             Cale Makar               50     1   2  2  
 2 Kris Letang              Jeremy Lauzon            50     1   2  2  

4 vs 4 Forward 
   Center                   Wing                     Time % Phy DF OF 
 1 J.T. Miller              Chris Kreider            50     1   2  2  
 2 Sebastian Aho            Joel Eriksson Ek         50     1   2  2  

4 vs 4 Defense
   Defense                  Defense                  Time % Phy DF OF 
 1 Drew Doughty             Cale Makar               50     1   2  2  
 2 Kris Letang              Jeremy Lauzon            50     1   2  2  

Last Minutes Offensive
   Center                   Left Wing                Right Wing               Defense                  Defense                  
   J.T. Miller              Chris Kreider            Matthew Tkachuk          Drew Doughty             Cale Makar               

Last Minutes Defensive
   Center                   Left Wing                Right Wing               Defense                  Defense                  
   J.T. Miller              Chris Kreider            Matthew Tkachuk          Drew Doughty             Cale Makar               

Goaltenders
Starting : Ilya Sorokin             
Backup : Samuel Montembeault      

Extra Forwards
Normal : Nic Dowd, Bo Horvat, Nicholas Paul - PP : Nic Dowd, Bo Horvat - PK : Nicholas Paul
Extra Defensemen
Normal : Filip Hronek, Jake Middleton, Kris Letang - PP : Filip Hronek - PK : Jake Middleton, Kris Letang
Penalty Shots
J.T. Miller, Chris Kreider, Sebastian Aho, Joel Eriksson Ek, Bo Horvat

Scratches
None


% Time on Ice - St.Louis Blues

Lines # - Real PCT - Wanted PCT - Time Play
Normal Forward
1 - 33% - 36% - 18:40
2 - 33% - 35% - 18:20
3 - 20% - 22% - 11:07
4 - 14% - 7% - 7:55
Normal Defense
1 - 42% - 45% - 23:25
2 - 32% - 35% - 17:40
3 - 27% - 20% - 14:57
4 - 0% - 0% - 0:00
PP Forward
1 - 62% - 60% - 2:27
2 - 38% - 40% - 1:31
PP Defense
1 - 68% - 60% - 2:41
2 - 32% - 40% - 1:17
PK Forward
1 - 0% - 50%
2 - 0% - 50%
PK Defense
1 - 0% - 50%
2 - 0% - 50%
PK3 Forward
1 - 0% - 50%
2 - 0% - 50%
PK3 Defense
1 - 0% - 50%
2 - 0% - 50%
44 Forward
1 - 0% - 50%
2 - 0% - 50%
44 Defense
1 - 0% - 50%
2 - 0% - 50%
Last Minute Offensive  - 0:00
Last Minute Defensive  - 0:00
Total
Forward - 60:00
Defense - 60:00

% Time on Ice - Calgary Flames

Lines # - Real PCT - Wanted PCT - Time Play
Normal Forward
1 - 30% - 30% - 16:50
2 - 30% - 30% - 16:33
3 - 25% - 25% - 14:17
4 - 15% - 15% - 8:22
Normal Defense
1 - 35% - 35% - 19:25
2 - 35% - 35% - 19:37
3 - 30% - 30% - 16:47
4 - 0% - 0% - 0:13
PP Forward
1 - 0% - 50%
2 - 0% - 50%
PP Defense
1 - 0% - 50%
2 - 0% - 50%
PK Forward
1 - 55% - 50% - 2:10
2 - 45% - 50% - 1:48
PK Defense
1 - 48% - 50% - 1:55
2 - 52% - 50% - 2:03
PK3 Forward
1 - 0% - 50%
2 - 0% - 50%
PK3 Defense
1 - 0% - 50%
2 - 0% - 50%
44 Forward
1 - 0% - 50%
2 - 0% - 50%
44 Defense
1 - 0% - 50%
2 - 0% - 50%
Last Minute Offensive  - 0:00
Last Minute Defensive  - 0:00
Total
Forward - 60:00
Defense - 60:00

Play-by-Play

1st period


0:01 of 1st period - J.T. Miller wins face-off versus Jack Eichel in neutral zone.
0:06 of 1st period - Snap shot by Chris Kreider.
0:06 of 1st period - Shot Blocked by Alex Pietrangelo.
0:50 of 1st period - Wrist shot by Bo Horvat.
0:50 of 1st period - Shot Misses the Net.
0:52 of 1st period - Snap shot by Bo Horvat.
0:52 of 1st period - Shot Blocked by Elias Lindholm.
0:54 of 1st period - Snap shot by Jeremy Lauzon.
0:54 of 1st period - Stopped by Connor Hellebuyck with a rebound.
1:32 of 1st period - Snap shot by Jack Eichel.
1:32 of 1st period - Stopped by Ilya Sorokin with a rebound.
1:34 of 1st period - Snap shot by Jack Eichel.
1:34 of 1st period - Shot Misses the Net.
1:36 of 1st period - Snap shot by Jack Eichel.
1:36 of 1st period - Shot Blocked by Jake Middleton.
1:44 of 1st period - Slapshot by Brayden Point.
1:44 of 1st period - Stopped by Ilya Sorokin without a rebound.
1:45 of 1st period - Jake Guentzel wins face-off versus Sebastian Aho in Calgary Flames zone.
2:12 of 1st period - Jaccob Slavin is hit by Jake Middleton.
2:18 of 1st period - Wrist shot by Pavel Zacha.
2:18 of 1st period - Stopped by Connor Hellebuyck without a rebound.
2:19 of 1st period - Bo Horvat wins face-off versus Jack Eichel in St.Louis Blues zone.
2:30 of 1st period - Snap shot by Bo Horvat.
2:30 of 1st period - Stopped by Connor Hellebuyck with a rebound.
4:32 of 1st period - Snap shot by Lars Eller.
4:32 of 1st period - Stopped by Ilya Sorokin with a rebound.
4:54 of 1st period - Wrist shot by Nicholas Paul.
4:54 of 1st period - Stopped by Connor Hellebuyck with a rebound.
4:56 of 1st period - Slapshot by Cale Makar.
4:56 of 1st period - Shot Misses the Net.
4:58 of 1st period - Slapshot by Drew Doughty.
4:58 of 1st period - Deflect By Mikhail Sergachev.
4:58 of 1st period - Stopped by Connor Hellebuyck without a rebound.
4:59 of 1st period - Robert Thomas wins face-off versus J.T. Miller in St.Louis Blues zone.
4:59 of 1st period - Robert Thomas is hit by Matthew Tkachuk.
5:05 of 1st period - Cale Makar is hit by Robert Thomas and loses puck.
5:12 of 1st period - Jaccob Slavin is hit by Drew Doughty.
6:18 of 1st period - Off-side.
6:19 of 1st period - Robert Thomas wins face-off versus J.T. Miller in neutral zone.
6:26 of 1st period - Snap shot by Jake Guentzel.
6:26 of 1st period - Shot Misses the Net.
6:28 of 1st period - Slapshot by Jake Guentzel.
6:28 of 1st period - Shot Misses the Net.
6:30 of 1st period - Slapshot by Brandon Hagel.
6:30 of 1st period - St.Louis Blues goal is going for a video replay.
6:30 of 1st period - The goal is refused. The puck has entered the net after making contact with an attacking player’s stick that is above the height of the crossbar..
6:31 of 1st period - Robert Thomas wins face-off versus Sebastian Aho in Calgary Flames zone.
6:36 of 1st period - Wrist shot by Robert Thomas.
6:36 of 1st period - Shot Misses the Net.
7:43 of 1st period - Wrist shot by Dakota Joshua.
7:43 of 1st period - Shot Misses the Net.
8:03 of 1st period - Slapshot by Joel Eriksson Ek.
8:03 of 1st period - Deflect By Sebastian Aho.
8:03 of 1st period - Stopped by Connor Hellebuyck with a rebound.
8:05 of 1st period - Wrist shot by Zach Hyman.
8:05 of 1st period - Shot Misses the Net.
8:07 of 1st period - Snap shot by Sebastian Aho.
8:07 of 1st period - Stopped by Connor Hellebuyck without a rebound.
8:08 of 1st period - Pavel Zacha wins face-off versus Jack Eichel in St.Louis Blues zone.
8:40 of 1st period - Wrist shot by Zach Hyman.
8:40 of 1st period - Goal by Zach Hyman - St.Louis Blues : 0 - Calgary Flames : 1.
8:41 of 1st period - Robert Thomas wins face-off versus J.T. Miller in neutral zone.
9:07 of 1st period - Robert Thomas is hit by Filip Hronek.
9:53 of 1st period - Snap shot by Jake Guentzel.
9:53 of 1st period - Stopped by Ilya Sorokin with a rebound.
10:07 of 1st period - Slapshot by Matthew Tkachuk.
10:07 of 1st period - Shot Misses the Net.
10:53 of 1st period - Snap shot by J.T. Miller.
10:53 of 1st period - Stopped by Connor Hellebuyck with a rebound.
10:59 of 1st period - Wrist shot by J.T. Miller.
10:59 of 1st period - Stopped by Connor Hellebuyck with a rebound.
11:01 of 1st period - Wrist shot by J.T. Miller.
11:01 of 1st period - Shot Misses the Net.
11:21 of 1st period - Snap shot by Matthew Tkachuk.
11:21 of 1st period - Shot Blocked by Colton Parayko.
11:25 of 1st period - Wrist shot by J.T. Miller.
11:25 of 1st period - Stopped by Connor Hellebuyck without a rebound.
11:26 of 1st period - Jack Eichel wins face-off versus Joel Eriksson Ek in St.Louis Blues zone.
12:25 of 1st period - Slapshot by Lars Eller.
12:25 of 1st period - Shot Blocked by Kris Letang.
12:37 of 1st period - Snap shot by Nicholas Paul.
12:37 of 1st period - Stopped by Connor Hellebuyck without a rebound.
12:38 of 1st period - Sebastian Aho wins face-off versus Jack Eichel in St.Louis Blues zone.
12:39 of 1st period - Wrist shot by Joel Eriksson Ek.
12:39 of 1st period - Stopped by Connor Hellebuyck with a rebound.
13:14 of 1st period - Sebastian Aho is hit by Jake Sanderson.
14:26 of 1st period - Snap shot by Zach Hyman.
14:26 of 1st period - Stopped by Connor Hellebuyck without a rebound.
14:27 of 1st period - Elias Lindholm wins face-off versus Bo Horvat in St.Louis Blues zone.
14:32 of 1st period - Slapshot by Elias Lindholm.
14:32 of 1st period - Shot Misses the Net.
14:40 of 1st period - Snap shot by Mark Stone.
14:40 of 1st period - Stopped by Ilya Sorokin without a rebound.
14:41 of 1st period - Elias Lindholm wins face-off versus Bo Horvat in Calgary Flames zone.
15:16 of 1st period - Off-side.
15:17 of 1st period - Mathieu Joseph wins face-off versus Elias Lindholm in neutral zone.
16:13 of 1st period - Slapshot by Robert Thomas.
16:13 of 1st period - Shot Blocked by Drew Doughty.
17:08 of 1st period - Snap shot by Robert Thomas.
17:08 of 1st period - Stopped by Ilya Sorokin with a rebound.
17:58 of 1st period - Snap shot by Logan O'Connor.
17:58 of 1st period - Deflect By Elias Lindholm.
17:58 of 1st period - Stopped by Ilya Sorokin without a rebound.
17:59 of 1st period - Elias Lindholm wins face-off versus Sebastian Aho in Calgary Flames zone.
18:26 of 1st period - Brayden Point is hit by Bo Horvat and loses puck.
19:09 of 1st period - Slapshot by Cale Makar.
19:09 of 1st period - Deflect By Logan O'Connor.
19:09 of 1st period - Stopped by Connor Hellebuyck with a rebound.
19:23 of 1st period - Colton Parayko is hit by Nic Dowd and loses puck.
19:35 of 1st period - Wrist shot by Lars Eller.
19:35 of 1st period - Deflect By Logan O'Connor.
19:35 of 1st period - Stopped by Ilya Sorokin without a rebound.
19:36 of 1st period - Jack Eichel wins face-off versus Sebastian Aho in Calgary Flames zone.
19:49 of 1st period - Snap shot by Elias Pettersson.
19:49 of 1st period - Deflect By Jack Eichel.
19:49 of 1st period - Shot Misses the Net.
19:49 of 1st period - Puck is out of play.
19:50 of 1st period - Brayden Point wins face-off versus Bo Horvat in Calgary Flames zone.
19:51 of 1st period - Slapshot by Jack Eichel.
19:51 of 1st period - Shot Misses the Net.
19:58 of 1st period - Icing by Bo Horvat.
19:59 of 1st period - Jack Eichel wins face-off versus Bo Horvat in Calgary Flames zone.
Goals for this period are 0 for St.Louis Blues vs 1 for Calgary Flames.
Shots for this period are 9 for St.Louis Blues vs 15 for Calgary Flames.

2nd period


0:01 of 2nd period - Bo Horvat wins face-off versus Jack Eichel in neutral zone.
0:32 of 2nd period - Wrist shot by Mark Stone.
0:32 of 2nd period - Stopped by Ilya Sorokin with a rebound.
0:48 of 2nd period - Jake Middleton is hit by Dakota Joshua and loses puck.
1:13 of 2nd period - Snap shot by Robert Thomas.
1:13 of 2nd period - Stopped by Ilya Sorokin without a rebound.
1:14 of 2nd period - Oliver Bjorkstrand wins face-off versus Robert Thomas in Calgary Flames zone.
1:23 of 2nd period - Slapshot by Cale Makar.
1:23 of 2nd period - Stopped by Connor Hellebuyck without a rebound.
1:24 of 2nd period - Jack Eichel wins face-off versus Bo Horvat in St.Louis Blues zone.
1:57 of 2nd period - Snap shot by Pavel Zacha.
1:57 of 2nd period - Shot Misses the Net.
1:59 of 2nd period - Snap shot by Oliver Bjorkstrand.
1:59 of 2nd period - Stopped by Connor Hellebuyck with a rebound.
2:57 of 2nd period - Wrist shot by Bo Horvat.
2:57 of 2nd period - Stopped by Connor Hellebuyck with a rebound.
2:59 of 2nd period - Wrist shot by Cale Makar.
2:59 of 2nd period - Stopped by Connor Hellebuyck with a rebound.
3:01 of 2nd period - Wrist shot by Oliver Bjorkstrand.
3:01 of 2nd period - Stopped by Connor Hellebuyck without a rebound.
3:02 of 2nd period - Sebastian Aho wins face-off versus Robert Thomas in St.Louis Blues zone.
3:19 of 2nd period - Wrist shot by Sebastian Aho.
3:19 of 2nd period - Stopped by Connor Hellebuyck with a rebound.
3:35 of 2nd period - Wrist shot by Alex Tuch.
3:35 of 2nd period - Stopped by Ilya Sorokin without a rebound.
3:36 of 2nd period - Elias Lindholm wins face-off versus J.T. Miller in Calgary Flames zone.
4:03 of 2nd period - Zach Hyman is hit by Mikhail Sergachev and loses puck.
4:08 of 2nd period - Snap shot by Jake Guentzel.
4:08 of 2nd period - Stopped by Ilya Sorokin without a rebound.
4:09 of 2nd period - Robert Thomas wins face-off versus Sebastian Aho in Calgary Flames zone.
4:46 of 2nd period - Jake Sanderson is hit by Matthew Tkachuk and loses puck.
5:11 of 2nd period - Wrist shot by Mathieu Joseph.
5:11 of 2nd period - Shot Blocked by Logan O'Connor.
5:45 of 2nd period - Snap shot by Sebastian Aho.
5:45 of 2nd period - Shot Misses the Net.
6:10 of 2nd period - Snap shot by Elias Lindholm.
6:10 of 2nd period - Stopped by Ilya Sorokin with a rebound.
6:12 of 2nd period - Snap shot by Nick Leddy.
6:12 of 2nd period - Shot Blocked by Cale Makar.
6:14 of 2nd period - Snap shot by Elias Lindholm.
6:14 of 2nd period - Shot Misses the Net.
6:16 of 2nd period - Snap shot by Mark Stone.
6:16 of 2nd period - Shot Misses the Net.
6:18 of 2nd period - Slapshot by Mikhail Sergachev.
6:18 of 2nd period - Stopped by Ilya Sorokin without a rebound.
6:19 of 2nd period - Nicholas Paul wins face-off versus Jack Eichel in Calgary Flames zone.
6:27 of 2nd period - Off-side.
6:28 of 2nd period - Nicholas Paul wins face-off versus Jack Eichel in neutral zone.
6:31 of 2nd period - Slapshot by Cale Makar.
6:31 of 2nd period - Stopped by Connor Hellebuyck without a rebound.
6:32 of 2nd period - Zach Hyman wins face-off versus Robert Thomas in St.Louis Blues zone.
6:33 of 2nd period - Snap shot by Sebastian Aho.
6:33 of 2nd period - Stopped by Connor Hellebuyck with a rebound.
6:35 of 2nd period - Snap shot by Sebastian Aho.
6:35 of 2nd period - Shot Blocked by Alex Pietrangelo.
6:37 of 2nd period - Wrist shot by Joel Eriksson Ek.
6:37 of 2nd period - Stopped by Connor Hellebuyck with a rebound.
6:39 of 2nd period - Slapshot by Jake Middleton.
6:39 of 2nd period - Stopped by Connor Hellebuyck without a rebound.
6:40 of 2nd period - Sebastian Aho wins face-off versus Robert Thomas in St.Louis Blues zone.
6:54 of 2nd period - Off-side.
6:55 of 2nd period - J.T. Miller wins face-off versus Jack Eichel in neutral zone.
7:23 of 2nd period - Off-side.
7:24 of 2nd period - Elias Lindholm wins face-off versus Sebastian Aho in neutral zone.
7:29 of 2nd period - Slapshot by Jake Sanderson.
7:29 of 2nd period - Goal by Jake Sanderson - St.Louis Blues : 1 - Calgary Flames : 1.
7:30 of 2nd period - Robert Thomas wins face-off versus Sebastian Aho in neutral zone.
7:57 of 2nd period - Elias Lindholm is hit by Matthew Tkachuk and loses puck.
8:10 of 2nd period - Icing by J.T. Miller.
8:11 of 2nd period - J.T. Miller wins face-off versus Robert Thomas in Calgary Flames zone.
8:24 of 2nd period - Snap shot by Jake Guentzel.
8:24 of 2nd period - Shot Misses the Net.
8:43 of 2nd period - Wrist shot by Jack Eichel.
8:43 of 2nd period - Shot Misses the Net.
8:45 of 2nd period - Slapshot by Alex Pietrangelo.
8:45 of 2nd period - Stopped by Ilya Sorokin with a rebound.
8:47 of 2nd period - Wrist shot by Elias Pettersson.
8:47 of 2nd period - Shot Hit the Post.
8:49 of 2nd period - Slapshot by Brayden Point.
8:49 of 2nd period - Stopped by Ilya Sorokin without a rebound.
8:50 of 2nd period - Nicholas Paul wins face-off versus Robert Thomas in Calgary Flames zone.
8:59 of 2nd period - Snap shot by Nicholas Paul.
8:59 of 2nd period - Shot Blocked by Jaccob Slavin.
9:01 of 2nd period - Snap shot by Cale Makar.
9:01 of 2nd period - Stopped by Connor Hellebuyck without a rebound.
9:02 of 2nd period - Jack Eichel wins face-off versus Sebastian Aho in St.Louis Blues zone.
9:02 of 2nd period - Jack Eichel is hit by Filip Hronek.
9:35 of 2nd period - Minor Penalty to Jake Middleton for Delaying the game.
9:36 of 2nd period - J.T. Miller wins face-off versus Robert Thomas in Calgary Flames zone.
9:39 of 2nd period - Off-side.
9:40 of 2nd period - Robert Thomas wins face-off versus J.T. Miller in neutral zone.
9:49 of 2nd period - Snap shot by Jake Guentzel.
9:49 of 2nd period - Stopped by Ilya Sorokin without a rebound.
9:50 of 2nd period - Robert Thomas wins face-off versus Sebastian Aho in Calgary Flames zone.
9:53 of 2nd period - Wrist shot by Jake Guentzel.
9:53 of 2nd period - Stopped by Ilya Sorokin without a rebound.
9:54 of 2nd period - Sebastian Aho wins face-off versus Robert Thomas in Calgary Flames zone.
9:54 of 2nd period - Sebastian Aho is hit by Robert Thomas.
11:32 of 2nd period - Drew Doughty is hit by Robert Thomas and loses puck.
11:35 of 2nd period - Penalty to Jake Middleton is over, Jake Middleton is back on ice.
11:47 of 2nd period - Slapshot by Sebastian Aho.
11:47 of 2nd period - Shot Misses the Net.
11:49 of 2nd period - Wrist shot by Joel Eriksson Ek.
11:49 of 2nd period - Deflect By Sebastian Aho.
11:49 of 2nd period - Stopped by Connor Hellebuyck with a rebound.
11:51 of 2nd period - Snap shot by Joel Eriksson Ek.
11:51 of 2nd period - Stopped by Connor Hellebuyck without a rebound.
11:52 of 2nd period - Lars Eller wins face-off versus Bo Horvat in St.Louis Blues zone.
12:20 of 2nd period - Minor Penalty to Mathieu Joseph for Tripping.
12:21 of 2nd period - Robert Thomas wins face-off versus J.T. Miller in Calgary Flames zone.
12:34 of 2nd period - Wrist shot by Jake Guentzel.
12:34 of 2nd period - Stopped by Ilya Sorokin without a rebound.
12:35 of 2nd period - Sebastian Aho wins face-off versus Robert Thomas in Calgary Flames zone.
12:46 of 2nd period - Slapshot by Jack Eichel.
12:46 of 2nd period - Shot Blocked by Cale Makar.
12:48 of 2nd period - Snap shot by Brayden Point.
12:48 of 2nd period - Deflect By Robert Thomas.
12:48 of 2nd period - Shot Blocked by J.T. Miller.
12:48 of 2nd period - Puck is out of play.
12:49 of 2nd period - Sebastian Aho wins face-off versus Robert Thomas in Calgary Flames zone.
14:13 of 2nd period - Icing by Jake Guentzel.
14:14 of 2nd period - Robert Thomas wins face-off versus J.T. Miller in St.Louis Blues zone.
14:20 of 2nd period - Penalty to Mathieu Joseph is over, Mathieu Joseph is back on ice.
14:29 of 2nd period - Snap shot by Dakota Joshua.
14:29 of 2nd period - Stopped by Ilya Sorokin with a rebound.
15:10 of 2nd period - Brandon Hagel is hit by Drew Doughty and loses puck.
15:15 of 2nd period - Wrist shot by J.T. Miller.
15:15 of 2nd period - Deflect By Matthew Tkachuk.
15:15 of 2nd period - Stopped by Connor Hellebuyck with a rebound.
16:54 of 2nd period - Zach Hyman is hit by Nick Leddy.
17:14 of 2nd period - Nick Leddy is hit by Bo Horvat and loses puck.
17:21 of 2nd period - Snap shot by Oliver Bjorkstrand.
17:21 of 2nd period - Goal by Oliver Bjorkstrand - St.Louis Blues : 1 - Calgary Flames : 2.
17:22 of 2nd period - Brayden Point wins face-off versus Chris Kreider in neutral zone.
17:29 of 2nd period - Snap shot by Elias Pettersson.
17:29 of 2nd period - Stopped by Ilya Sorokin without a rebound.
17:30 of 2nd period - Jack Eichel wins face-off versus J.T. Miller in Calgary Flames zone.
18:25 of 2nd period - Snap shot by Matthew Tkachuk.
18:25 of 2nd period - Shot Misses the Net.
18:27 of 2nd period - Wrist shot by J.T. Miller.
18:27 of 2nd period - Stopped by Connor Hellebuyck without a rebound.
18:28 of 2nd period - Sebastian Aho wins face-off versus Robert Thomas in St.Louis Blues zone.
18:31 of 2nd period - Snap shot by Sebastian Aho.
18:31 of 2nd period - Goal by Sebastian Aho - St.Louis Blues : 1 - Calgary Flames : 3.
18:32 of 2nd period - Brandon Hagel wins face-off versus Sebastian Aho in neutral zone.
18:43 of 2nd period - Wrist shot by Zach Hyman.
18:43 of 2nd period - Shot Blocked by Colton Parayko.
18:52 of 2nd period - Icing by Jake Guentzel.
18:53 of 2nd period - Robert Thomas wins face-off versus Bo Horvat in St.Louis Blues zone.
19:02 of 2nd period - Wrist shot by Jake Guentzel.
19:02 of 2nd period - Deflect By Brandon Hagel.
19:02 of 2nd period - Stopped by Ilya Sorokin without a rebound.
19:03 of 2nd period - Jack Eichel wins face-off versus Bo Horvat in Calgary Flames zone.
19:06 of 2nd period - Slapshot by Elias Pettersson.
19:06 of 2nd period - Deflect By Brayden Point.
19:06 of 2nd period - Stopped by Ilya Sorokin with a rebound.
Goals for this period are 1 for St.Louis Blues vs 2 for Calgary Flames.
Shots for this period are 16 for St.Louis Blues vs 17 for Calgary Flames.

3rd period


0:01 of 3rd period - Robert Thomas wins face-off versus Sebastian Aho in neutral zone.
0:32 of 3rd period - Backhand shot by Chris Kreider.
0:32 of 3rd period - Shot Misses the Net.
0:34 of 3rd period - Wrist shot by J.T. Miller.
0:34 of 3rd period - Shot Blocked by Elias Pettersson.
1:16 of 3rd period - Snap shot by Bo Horvat.
1:16 of 3rd period - Shot Misses the Net.
1:18 of 3rd period - Snap shot by Bo Horvat.
1:18 of 3rd period - Stopped by Connor Hellebuyck with a rebound.
1:28 of 3rd period - Brandon Hagel is hit by Joel Eriksson Ek and loses puck.
1:49 of 3rd period - Snap shot by Jack Eichel.
1:49 of 3rd period - Shot Blocked by Chris Kreider.
1:55 of 3rd period - Jack Eichel is hit by Matthew Tkachuk and loses puck.
2:10 of 3rd period - Alex Pietrangelo is hit by Nicholas Paul and loses puck.
2:31 of 3rd period - Snap shot by Filip Hronek.
2:31 of 3rd period - Shot Misses the Net.
3:03 of 3rd period - Robert Thomas is hit by Zach Hyman and loses puck.
3:10 of 3rd period - Wrist shot by Jaccob Slavin.
3:10 of 3rd period - Stopped by Ilya Sorokin without a rebound.
3:11 of 3rd period - J.T. Miller wins face-off versus Jack Eichel in Calgary Flames zone.
3:17 of 3rd period - Icing by Matthew Tkachuk.
3:18 of 3rd period - Jack Eichel wins face-off versus J.T. Miller in Calgary Flames zone.
3:33 of 3rd period - Snap shot by Elias Pettersson.
3:33 of 3rd period - Stopped by Ilya Sorokin without a rebound.
3:34 of 3rd period - Sebastian Aho wins face-off versus Robert Thomas in Calgary Flames zone.
3:34 of 3rd period - Sebastian Aho is hit by Jake Sanderson.
3:42 of 3rd period - Snap shot by Joel Eriksson Ek.
3:42 of 3rd period - Stopped by Connor Hellebuyck with a rebound.
3:44 of 3rd period - Wrist shot by Kris Letang.
3:44 of 3rd period - Deflect By Zach Hyman.
3:44 of 3rd period - Stopped by Connor Hellebuyck without a rebound.
3:45 of 3rd period - Robert Thomas wins face-off versus Sebastian Aho in St.Louis Blues zone.
3:58 of 3rd period - Slapshot by Robert Thomas.
3:58 of 3rd period - Shot Blocked by Kris Letang.
4:12 of 3rd period - Joel Eriksson Ek is hit by Jaccob Slavin and loses puck.
4:35 of 3rd period - Wrist shot by Lars Eller.
4:35 of 3rd period - Stopped by Ilya Sorokin with a rebound.
4:41 of 3rd period - Slapshot by Dakota Joshua.
4:41 of 3rd period - Shot Misses the Net.
4:43 of 3rd period - Snap shot by Lars Eller.
4:43 of 3rd period - Shot Misses the Net.
4:45 of 3rd period - Slapshot by Mikhail Sergachev.
4:45 of 3rd period - Stopped by Ilya Sorokin without a rebound.
4:46 of 3rd period - J.T. Miller wins face-off versus Jack Eichel in Calgary Flames zone.
5:35 of 3rd period - Off-side.
5:36 of 3rd period - Bo Horvat wins face-off versus Elias Lindholm in neutral zone.
6:06 of 3rd period - Snap shot by Chris Kreider.
6:06 of 3rd period - Shot Misses the Net.
6:34 of 3rd period - Slapshot by Sebastian Aho.
6:34 of 3rd period - Stopped by Connor Hellebuyck with a rebound.
6:36 of 3rd period - Slapshot by Cale Makar.
6:36 of 3rd period - Stopped by Connor Hellebuyck with a rebound.
6:56 of 3rd period - Kris Letang is hit by Logan O'Connor and loses puck.
7:43 of 3rd period - Snap shot by Matthew Tkachuk.
7:43 of 3rd period - Stopped by Connor Hellebuyck with a rebound.
7:59 of 3rd period - Wrist shot by Jake Guentzel.
7:59 of 3rd period - Shot Blocked by Zach Hyman.
8:01 of 3rd period - Slapshot by Mikhail Sergachev.
8:01 of 3rd period - Stopped by Ilya Sorokin without a rebound.
8:02 of 3rd period - Jack Eichel wins face-off versus Matthew Tkachuk in Calgary Flames zone.
8:09 of 3rd period - Elias Pettersson is hit by Matthew Tkachuk.
8:38 of 3rd period - Snap shot by Robert Thomas.
8:38 of 3rd period - Stopped by Ilya Sorokin without a rebound.
8:39 of 3rd period - Sebastian Aho wins face-off versus Mark Stone in Calgary Flames zone.
8:46 of 3rd period - Jaccob Slavin is hit by Kris Letang and loses puck.
8:51 of 3rd period - Wrist shot by Zach Hyman.
8:51 of 3rd period - Stopped by Connor Hellebuyck with a rebound.
8:53 of 3rd period - Slapshot by Jeremy Lauzon.
8:53 of 3rd period - Shot Blocked by Jaccob Slavin.
8:55 of 3rd period - Slapshot by Kris Letang.
8:55 of 3rd period - Stopped by Connor Hellebuyck without a rebound.
8:56 of 3rd period - Elias Pettersson wins face-off versus J.T. Miller in St.Louis Blues zone.
9:06 of 3rd period - Snap shot by Chris Kreider.
9:06 of 3rd period - Stopped by Connor Hellebuyck with a rebound.
9:08 of 3rd period - Slapshot by Jake Middleton.
9:08 of 3rd period - Deflect By Matthew Tkachuk.
9:08 of 3rd period - Shot Misses the Net.
9:08 of 3rd period - Puck is out of play.
9:09 of 3rd period - Matthew Tkachuk wins face-off versus Robert Thomas in St.Louis Blues zone.
9:11 of 3rd period - Jeremy Lauzon and Colton Parayko fight to a draw.
9:11 of 3rd period - Penalty to Jeremy Lauzon for Fighting.
9:11 of 3rd period - Penalty to Colton Parayko for Fighting.
9:12 of 3rd period - Robert Thomas wins face-off versus Chris Kreider in St.Louis Blues zone.
9:16 of 3rd period - Off-side.
9:17 of 3rd period - J.T. Miller wins face-off versus Robert Thomas in neutral zone.
10:09 of 3rd period - Slapshot by Jake Guentzel.
10:09 of 3rd period - Shot Blocked by Zach Hyman.
10:14 of 3rd period - Off-side.
10:15 of 3rd period - Sebastian Aho wins face-off versus Jack Eichel in neutral zone.
10:18 of 3rd period - Slapshot by Cale Makar.
10:18 of 3rd period - Stopped by Connor Hellebuyck without a rebound.
10:19 of 3rd period - Jack Eichel wins face-off versus Sebastian Aho in St.Louis Blues zone.
10:28 of 3rd period - Slapshot by Jack Eichel.
10:28 of 3rd period - Stopped by Ilya Sorokin without a rebound.
10:29 of 3rd period - Sebastian Aho wins face-off versus Jack Eichel in Calgary Flames zone.
10:56 of 3rd period - Jake Sanderson is hit by Kris Letang and loses puck.
11:19 of 3rd period - Wrist shot by Brandon Hagel.
11:19 of 3rd period - Stopped by Ilya Sorokin with a rebound.
12:31 of 3rd period - Slapshot by Chris Kreider.
12:31 of 3rd period - Stopped by Connor Hellebuyck without a rebound.
12:32 of 3rd period - Robert Thomas wins face-off versus J.T. Miller in St.Louis Blues zone.
12:39 of 3rd period - Brandon Hagel is hit by J.T. Miller and loses puck.
12:59 of 3rd period - Mikhail Sergachev is hit by Sebastian Aho and loses puck.
13:08 of 3rd period - Joel Eriksson Ek is hit by Alex Tuch and loses puck.
13:42 of 3rd period - Brayden Point is hit by Nic Dowd and loses puck.
13:49 of 3rd period - Mathieu Joseph is hit by Elias Pettersson.
14:28 of 3rd period - Wrist shot by Elias Lindholm.
14:28 of 3rd period - Shot Misses the Net.
14:30 of 3rd period - Snap shot by Mark Stone.
14:30 of 3rd period - Shot Blocked by Joel Eriksson Ek.
14:40 of 3rd period - Mark Stone is hit by Zach Hyman and loses puck.
15:27 of 3rd period - Snap shot by Brandon Hagel.
15:27 of 3rd period - Stopped by Ilya Sorokin with a rebound.
15:29 of 3rd period - Snap shot by Nick Leddy.
15:29 of 3rd period - Shot Blocked by Mathieu Joseph.
15:31 of 3rd period - Slapshot by Nick Leddy.
15:31 of 3rd period - Shot Misses the Net.
16:06 of 3rd period - Slapshot by Filip Hronek.
16:06 of 3rd period - Stopped by Connor Hellebuyck with a rebound.
16:23 of 3rd period - Jake Guentzel is hit by Jake Middleton and loses puck.
16:42 of 3rd period - Elias Pettersson is hit by Nic Dowd and loses puck.
16:49 of 3rd period - Nicholas Paul is hit by Jack Eichel and loses puck.
17:00 of 3rd period - Dakota Joshua is hit by Chris Kreider and loses puck.
17:14 of 3rd period - Jaccob Slavin is hit by J.T. Miller.
17:28 of 3rd period - Snap shot by Joel Eriksson Ek.
17:28 of 3rd period - Stopped by Connor Hellebuyck with a rebound.
17:30 of 3rd period - Snap shot by Zach Hyman.
17:30 of 3rd period - Goal by Zach Hyman - St.Louis Blues : 1 - Calgary Flames : 4.
17:31 of 3rd period - Jack Eichel wins face-off versus J.T. Miller in neutral zone.
18:01 of 3rd period - Off-side.
18:02 of 3rd period - Bo Horvat wins face-off versus Robert Thomas in neutral zone.
18:16 of 3rd period - Snap shot by Jake Guentzel.
18:16 of 3rd period - Stopped by Ilya Sorokin with a rebound.
18:18 of 3rd period - Slapshot by Colton Parayko.
18:18 of 3rd period - Stopped by Ilya Sorokin with a rebound.
18:30 of 3rd period - Snap shot by Jake Guentzel.
18:30 of 3rd period - Stopped by Ilya Sorokin without a rebound.
18:31 of 3rd period - Jack Eichel wins face-off versus Sebastian Aho in Calgary Flames zone.
Goals for this period are 0 for St.Louis Blues vs 1 for Calgary Flames.
Shots for this period are 12 for St.Louis Blues vs 14 for Calgary Flames.